Map: Radhuset Station LE

Players

Subwayeatn - Winner!

  • Race: Zerg Zerg
  • League: Gold
  • Spawn Location: 7:00

trapxlord

  • Race: Protoss Protoss
  • League: Gold
  • Spawn Location: 1:00

VOD

Have the link to the VOD?

Description

Time

  • Played on: Oct. 19, 2023, 4:38 p.m.
  • Length: 13:01
Show
View Real Time Build Order
Export as new Build Order

Subwayeatn Zerg - Winner!

Build Orders: Pool First, Lurkers 

Get SALT Encoding   

  12  0:19  Spawning Pool  
  11  0:22  Drone  
  11  0:26  Drone  
  13  0:31  Drone  
  14  0:40  Overlord  
  14  1:06  Zergling x2  
  15  1:14  Zergling x2  
  15  1:17  Zergling x2  
  17  1:18  Hatchery  
  17  1:22  Zergling x2  
  17  1:28  Zergling x2  
  18  1:36  Queen  
  20  1:47  Drone  
  20  1:49  Drone  
  22  2:01  Overlord  
  22  2:35  Queen  
  24  2:42  Extractor, Drone x5  
  24  2:43  Extractor  
  27  3:04  Hatchery  
  25  3:09  Queen  
  27  3:16  Drone x4  
  31  3:36  Drone x5  
  36  3:42  Metabolic Boost  
  36  4:05  Overlord  
  36  4:15  Lair, Queen  
  38  4:25  Drone x7  
  38  4:28  Drone  
  46  4:44  Roach Warren  
  45  4:48  Drone  
  45  4:49  Extractor, Evolution Chamber  
  44  4:52  Evolution Chamber  
  43  5:05  Drone x7  
  50  5:14  Pneumatized Carapace  
  50  5:18  Zerg Ground Armor Level 1  
  50  5:21  Zerg Missile Weapons Level 1  
  50  5:25  Overlord  
  49  5:50  Glial Reconstitution  
  49  5:56  Hydralisk Den  
  48  6:04  Drone x2  
  48  6:05  Drone, Extractor  
  48  6:06  Drone x3  
  48  6:07  Drone  
  48  6:09  Drone x4  
  48  6:10  Overlord  
  48  6:11  Overlord x4  
  58  6:15  Overlord  
  58  6:17  Overlord  
  58  6:25  Muscular Augments  
  58  6:33  Drone x3  
  58  6:34  Drone  
  58  6:35  Drone  
  63  6:44  Overseer  
  63  7:05  Hydralisk x10  
  63  7:06  Hydralisk  
  85  7:10  Queen  
  83  7:17  Queen  
  80  7:25  Drone x3  
  80  7:26  Drone x3  
  80  7:27  Drone  
  87  7:37  Lurker Den  
  87  7:43  Roach x4  
  94  7:49  Spore Crawler  
  93  7:51  Spore Crawler  
  93  7:56  Drone x7  
  93  7:57  Drone x2  
  101  8:00  Spore Crawler  
  100  8:10  Zerg Ground Armor Level 2  
  100  8:18  Ravager x2  
  102  8:25  Extractor x2  
  100  8:36  Zergling x6  
  100  8:38  Drone  
  100  8:39  Drone x2  
  100  8:40  Overlord x2  
  100  8:41  Overlord x2  
  106  8:42  Overlord  
  106  8:43  Grooved Spines  
  106  9:01  Lurker x4  
  110  9:06  Roach x3  
  116  9:10  Ravager  
  116  9:15  Ravager  
  118  9:19  Drone  
  118  9:20  Drone  
  118  9:23  Drone x6  
  116  10:06  Hydralisk  
  117  10:07  Hydralisk x10  
  117  10:10  Overlord x5  
  137  10:17  Drone, Hatchery  
  137  10:20  Zerg Missile Weapons Level 2  
  137  10:29  Infestation Pit  
  136  10:43  Lurker x2  
  138  10:51  Ravager x2  
  138  10:52  Ravager  
  138  10:53  Hatchery  
  138  10:54  Roach  
  138  10:55  Roach x14  
  138  10:56  Extractor  
  169  11:07  Hive  
  169  11:11  Overseer x2  
  169  11:13  Overlord x3  
  148  11:52  Hydralisk  
  148  11:53  Hydralisk x13  
  118  12:16  Roach x7  
  118  12:17  Roach x4  
  142  12:42  Overseer  
Show
View Real Time Build Order
Export as new Build Order

trapxlord Protoss 

Build Orders:  

Get SALT Encoding   

  12  0:00  Probe  
  13  0:12  Probe  
  14  0:23  Pylon  
  14  0:25  Probe  
  15  0:41  Probe (Chrono Boost)  
  15  0:42  Gateway  
  16  0:52  Probe (Chrono Boost)  
  17  1:00  Pylon  
  17  1:04  Probe  
  18  1:16  Assimilator, Probe  
  19  1:28  Probe  
  19  1:30  Cybernetics Core  
  20  1:33  Zealot  
  22  1:40  Probe  
  23  1:48  Pylon  
  23  1:52  Probe  
  24  1:58  Assimilator  
  24  2:04  Stalker (Chrono Boost), Probe  
  27  2:29  Shield Battery  
  27  2:33  Zealot  
  29  2:38  Nexus  
  29  2:50  Warp Gate  
  29  3:04  Stalker  
  31  3:12  Pylon  
  31  3:16  Pylon  
  31  3:26  Pylon  
  31  3:30  Probe  
  31  3:33  Stargate  
  32  3:42  Sentry, Probe (Chrono Boost)  
  35  3:53  Probe x2 (Chrono Boost)  
  37  4:00  Probe (Chrono Boost)  
  37  4:01  Probe (Chrono Boost)  
  39  4:06  Probe (Chrono Boost)  
  39  4:09  Probe (Chrono Boost)  
  42  4:20  Probe (Chrono Boost)  
  42  4:23  Probe (Chrono Boost)  
  43  4:26  Probe (Chrono Boost)  
  43  4:28  Oracle (Chrono Boost)  
  43  4:29  Probe  
  45  4:35  Probe  
  49  4:40  Forge  
  49  4:41  Probe  
  50  4:46  Robotics Facility  
  50  4:49  Twilight Council  
  50  4:50  Stalker  
  52  4:53  Probe  
  52  4:56  Gateway  
  52  4:57  Gateway  
  52  4:59  Gateway  
  53  5:06  Probe  
  54  5:08  Pylon  
  54  5:09  Pylon  
  54  5:17  Stalker  
  54  5:20  Pylon  
  56  5:25  Charge  
  56  5:28  Gateway x2  
  56  5:34  Assimilator  
  56  5:38  Assimilator  
  53  5:54  Oracle (Chrono Boost)  
  56  5:59  Probe (Chrono Boost)  
  57  6:04  Zealot  
  57  6:05  Zealot x3  
  57  6:09  Probe (Chrono Boost)  
  66  6:14  Probe (Chrono Boost)  
  66  6:15  Pylon  
  66  6:16  Observer  
  66  6:17  Pylon  
  68  6:25  Probe  
  69  6:35  Phoenix  
  69  6:37  Probe  
  72  7:16  Zealot x2  
  72  7:17  Zealot x4  
  84  7:29  Nexus  
  84  7:40  Immortal  
  84  7:43  Phoenix  
  90  8:14  Templar Archives  
  90  8:15  Robotics Bay  
  90  8:18  Sentry x2  
  90  8:19  Sentry  
  100  8:20  Zealot x3, Immortal (Chrono Boost)  
  100  8:23  Pylon  
  106  8:29  Protoss Ground Weapons Level 1, Pylon  
  106  8:30  Pylon  
  106  8:31  Pylon  
  106  8:53  Immortal (Chrono Boost)  
  110  9:03  Extended Thermal Lance  
  110  9:12  Phoenix  
  112  9:29  Probe  
  110  9:40  Colossus (Chrono Boost)  
  110  9:41  Probe  
  105  9:53  Probe  
  94  10:05  Probe  
  89  10:08  Stalker x3  
  89  10:09  Stalker x2  
  89  10:10  Stalker  
  101  10:17  Probe  
  102  10:21  Assimilator  
  102  10:23  Assimilator  
  102  10:29  Probe  
  103  10:41  Probe  
  103  10:42  Observer (Chrono Boost)  
  111  10:57  Colossus (Chrono Boost)  
  111  11:01  Probe  
  112  11:06  Sentry x2  
  112  11:07  Sentry x2  
  112  11:09  High Templar  
  112  11:10  High Templar  
  124  11:13  Probe  
  125  11:25  Probe  
  116  11:37  Probe  
  107  11:49  Probe  
  92  11:56  Zealot x3  
  92  11:57  Zealot x3  
  92  11:58  Colossus  
  70  12:28  Cybernetics Core  
  67  12:35  Zealot x3  
  67  12:36  Zealot x2  
Tags
 
Composition
Lurkers
League
GoldGold
Matchup
PvZ
Opening
Pool First
Replay Pack
Multiplayer
Spawn Locations
Cross Positions
Add a new tag
Caveats
  • Supply blocks, unpowered buildings, or Contaminate may cause inaccurate times.
  • Supply counts are checked every 10 seconds.